 Dungeon Crawl Stone Soup version 0.30-a0-341-g682706514a (webtiles) character file.

Game seed: 13841001432267711256

3 LnG the Caller (level 1, -1/10 HPs)
             Began as a Kobold Summoner on Nov 1, 2022.
             Slain by a hobgoblin (2 damage)
             ... on level 1 of the Dungeon.
             The game lasted 00:00:24 (97 turns).

LnG the Caller (Kobold Summoner)                      Turns: 97, Time: 00:00:25

Health: -1/10      AC:  2    Str:  5    XL:     1   Next: 55%
Magic:  0/3        EV: 15    Int: 16    God:
Gold:   0          SH:  0    Dex: 15    Spells: 3/4 levels left

rFire   . . .      SeeInvis .    (weapon restricted)
rCold   . . .      Faith    .    (no shield)
rNeg    . . .      Spirit   .    a - +0 robe
rPois   .          Reflect  .    (no helmet)
rElec   .          Harm     .    (no cloak)
rCorr   .          Rampage  .    (no gloves)
Will    .....                    (no boots)
Stlth   +++.......               (no amulet)
HPRegen 0.21/turn                (no ring)
MPRegen 0.08/turn                (no ring)

@: no status effects
A: small, no large weapons, nightstalker 3
a: no special abilities


You were on level 1 of the Dungeon.
You visited 1 branch of the dungeon, and saw 1 of its levels.

Inventory:

Armour
 a - a +0 robe (worn)
Scrolls
 c - a scroll of identify {unknown}
Potions
 b - a potion of magic


   Skills:
 + Level 2.4 Dodging
 + Level 2.8 Stealth
 + Level 2.2 Spellcasting
 + Level 4.1 Summonings


You had 3 spell levels left.
You knew the following spells:

 Your Spells              Type           Power      Damage    Failure   Level
a - Summon Small Mammal   Summ           56%        N/A       3%          1

Your spell library contained the following spells:

 Spells                   Type           Power      Damage    Failure   Level
 Call Imp                 Summ           14%        N/A       5%          2
 Call Canine Familiar     Summ           14%        N/A       11%         3
 Summon Guardian Golem    Hex/Summ       8%         N/A       26%         3
 Summon Lightning Spire   Summ/Air       8%         N/A       65%         4


Dungeon Overview and Level Annotations

Branches:
Dungeon (1/15)

Altars:


Innate Abilities, Weirdness & Mutations

You are small and have problems with some larger weapons.
You are completely attuned to the shadows.


Message History

Your bat hits the endoplasm but does no damage.
The endoplasm freezes you.
You are frozen.
Your bat hits the endoplasm.
Your bat closely misses the hobgoblin.
Your bat hits the endoplasm but does no damage.
Your bat hits the hobgoblin but does no damage.
The hobgoblin closely misses your bat.
Your bat hits the hobgoblin but does no damage.
The endoplasm closely misses your bat.
Unknown command.
The quokka attacks as you move away! The quokka bites you.
Your bat barely misses the hobgoblin.
Your bat barely misses the endoplasm.
Your bat barely misses the hobgoblin.
The endoplasm hits your bat.
Unknown command.
A dart slug comes into view.
Your bat hits the endoplasm but does no damage. x2
Your bat hits the hobgoblin but does no damage.
The endoplasm barely misses your bat. The hobgoblin closely misses you.
Unknown command.
Your bat barely misses the endoplasm.
Your bat hits the hobgoblin. The hobgoblin barely misses you.
Your bat hits the endoplasm but does no damage.
The endoplasm barely misses your bat.
Your bat closely misses the hobgoblin.
The quokka bites you.
Ouch! That really hurt!
* * * LOW HITPOINT WARNING * * *
You see here 13 gold pieces.
You closely miss the hobgoblin.
The hobgoblin is lightly wounded.
Your bat hits the endoplasm but does no damage. x2
The quokka closely misses you. The hobgoblin misses you.
Unknown command.
You hit the hobgoblin but do no damage.
The hobgoblin is lightly wounded.
Your bat hits the endoplasm but does no damage. x2
Your bat completely misses the hobgoblin.
The quokka completely misses you.
Your bat hits the endoplasm but does no damage.
The hobgoblin hits you.
You die...

... ###.
...###.....
.....#......
..#.........
w.......)...
###rg......
#@Jb.....
#........
#.b......
####........
...........
...........
...........#
............#
#..............


You could see an endoplasm (ally target), a quokka, a hobgoblin and 2 friendly
bats.

Vanquished Creatures (collateral kills)
  A giant cockroach (D:1)
  2 goblins (D:1)
3 creatures vanquished.

Notes
Turn   | Place    | Note
-------+----------+-------------------------------------------
     0 | D:1      | LnG the Kobold Summoner began the quest for the Orb.
     0 | D:1      | Reached XP level 1. HP: 10/10 MP: 3/3
    97 | D:1      | Slain by a hobgoblin

Illustrated notes

Levels and vault maps discovered:
D:1:      dpeg_arrival_tiny_c, layout_rooms, chequers_arboretum,
          bh_walls_and_bars

Action                   || total
-------------------------++-------
Melee: Unarmed           ||     4
 Cast: Summon Small Mamm ||     7
Dodge: Dodged            ||     7

Table legend: (Time is in decaauts)
 A = Elapsed time spent in this place.
 B = Non-inter-level travel time spent in this place.
 C = Inter-level travel time spent in this place.
 D = Time resting spent in this place.
 E = Time spent auto-exploring this place.
 F = Levels seen in this place.
 G = Mean time per level.
                   A        B        C        D        E       F      G
               +--------+--------+--------+--------+--------+-----+--------+
         Total |     97 |     97 |      0 |      0 |     63 |   1 |   97.0 |
       Dungeon |     97 |     97 |      0 |      0 |     63 |   1 |   97.0 |
               +--------+--------+--------+--------+--------+-----+--------+

Top non-repeatable levels by time:
     D:1: 97 daAuts
